 Dungeon Crawl Stone Soup version 0.26-a0-639-g72c4674329 (webtiles) character file.

Game seed: 18335520662338871124

529 Gargoyl the Skirmisher (level 7, 0/60 HPs)
             Began as a Gnoll Abyssal Knight on Sept 15, 2020.
             Was a Believer of Lugonu.
             Slain by Grinder (8 damage)
             ... on level 4 of the Dungeon.
             The game lasted 00:06:40 (4050 turns).

Gargoyl the Skirmisher (Gnoll Abyssal Knight)       Turns: 4050, Time: 00:06:41

Health: 0/60       AC:  9    Str: 16      XL:     7   Next: 24%
Magic:  0/10       EV: 10    Int: 15      God:    Lugonu [**....]
Gold:   73         SH:  8    Dex:  8 (14) Spells: 10/10 levels left

rFire    . . .     SeeInvis .   e - +1 broad axe (vorpal)
rCold    . . .     Faith    .   f - +0 kite shield
rNeg     . . .     Spirit   +   b - +0 leather armour
rPois    .         Reflect  .   g - +1 hat
rElec    .         Harm     .   c - +2 cloak
rCorr    .         Rampage  .   d - +0 pair of gloves
MR       .....                  (no boots)
Stlth    +.........             h - amulet of guardian spirit
HPRegen  0.20/turn              (no ring)
MPRegen  0.12/turn              (no ring)

@: mighty, brilliant
A: distributed training, fangs 1, strong nose
a: Depart the Abyss, Bend Space, Renounce Religion


You were on level 4 of the Dungeon.
You worshipped Lugonu.
Lugonu was pleased with you.
You visited 1 branch of the dungeon, and saw 5 of its levels.
You visited the Abyss 1 time.

You collected 229 gold pieces.
You spent 156 gold pieces at shops.

Inventory:

Hand Weapons
 a - a +2 hand axe
 e - a +1 vorpal broad axe (weapon)
Armour
 b - a +0 leather armour (worn)
 c - a +2 cloak (worn)
 d - a +0 pair of gloves (worn)
 f - a +0 kite shield (worn)
 g - a +1 hat (worn)
Jewellery
 h - an amulet of guardian spirit (around neck)
Scrolls
 i - a scroll of remove curse
 l - a scroll of identify
Potions
 m - a potion of lignification {unknown}
 n - a potion of cancellation {unknown}
 o - a potion of ambrosia {unknown}
 p - a potion of flight {unknown}
 r - a potion of brilliance
 t - a potion of might


   Skills:
 + Level 7.0 Fighting
 + Level 2.3 Short Blades
 + Level 2.3 Long Blades
 + Level 5.2 Axes
 + Level 2.3 Maces & Flails
 + Level 2.3 Polearms
 + Level 2.3 Staves
 + Level 2.3 Slings
 + Level 2.3 Bows
 + Level 2.3 Crossbows
 + Level 2.3 Throwing
 + Level 5.2 Armour
 + Level 3.5 Dodging
 + Level 2.3 Stealth
 + Level 2.3 Shields
 + Level 2.3 Unarmed Combat
 + Level 2.3 Spellcasting
 + Level 1.9 Conjurations
 + Level 1.9 Hexes
 + Level 1.9 Summonings
 + Level 1.9 Necromancy
 + Level 1.9 Translocations
 + Level 1.9 Transmutations
 + Level 1.9 Fire Magic
 + Level 1.9 Ice Magic
 + Level 1.9 Air Magic
 + Level 1.9 Earth Magic
 + Level 1.9 Poison Magic
 + Level 5.3 Invocations
 + Level 2.3 Evocations


You had 10 spell levels left.
You didn't know any spells.
Your spell library was empty.

Dungeon Overview and Level Annotations

Branches:
Dungeon (5/15)
 Temple: D:4-7

Altars:
Fedhas
Okawaru
Ru
Yredelemnul

Shops:
D:5 (

Annotations:
D:4 Grinder; Veteran's ghost, amateur DDFi


Innate Abilities, Weirdness & Mutations

Your experience applies equally to all skills.
You have very sharp teeth.
Your uncanny sense of smell can sniff out nearby items.


Message History

Grinder is almost dead.
Grinder hits you.
You writhe in agony.
* * * LOW HITPOINT WARNING * * *
You closely miss Grinder.
Grinder is almost dead.
Grinder blinks!
Grinder hits you!
* * * LOW HITPOINT WARNING * * *
You writhe in agony.
* * * LOW HITPOINT WARNING * * *
It was a potion of brilliance.
You feel clever all of a sudden. Grinder gestures at you.
You suddenly lose the ability to move!
Grinder hits you but does no damage.
Grinder blinks!
You can move again.
It was a potion of might.
You feel very mighty all of a sudden. Grinder hits you!
You die...

##...................### #.#
##.....##............#########.#
#############)[................
#.[............###.#
#..######...##...#.# #..#
#....###...# #####..####
#5.#..#..### #.....ยง...#
#........### #......@..#
##.#...#.... # #####......5..#
#........#. ######.............#
#...####.#. ..#....#############
###...###... ..#...##
#########.........## .....######
#.......#.........## ..#....#..#
#.......#.........# ##.....#..#
#..........########
#..#.....#####...5..####


You could see Grinder.

Vanquished Creatures
  A phantom (D:4)
  A centaur (D:5)
  2 hounds (D:4)
  2 quasits (D:4)
  An orc priest (D:4)
  2 iguanas
  An orc wizard (D:4)
  2 worker ants (D:4)
  3 adders
  2 worms
  8 orcs
  4 giant cockroaches
  4 goblins
  5 hobgoblins
  4 jackals (D:3)
  10 kobolds
  A ball python (D:2)
  2 bats (D:3)
  4 frilled lizards
  A leopard gecko skeleton (D:4)
  3 rats
63 creatures vanquished.

Vanquished Creatures (others)
  A plant (D:3)
1 creature vanquished.

Grand Total: 64 creatures vanquished

Notes
Turn   | Place    | Note
-------+----------+-------------------------------------------
     0 | Abyss:1  | Gargoyl the Gnoll Abyssal Knight began the quest for the
                  | Orb.
     0 | Abyss:1  | Reached XP level 1. HP: 23/23 MP: 3/3
    56 | Abyss:2  | Found a corrupted altar of Lugonu.
   121 | Abyss:2  | Noticed a small abomination
   140 | Abyss:2  | Noticed a smoke demon
   142 | D:1      | Escaped the Abyss
   172 | D:1      | Found an iron altar of Okawaru.
   571 | D:1      | Reached XP level 2. HP: 26/29 MP: 5/5
   896 | D:2      | Reached * piety under Lugonu
  1039 | D:2      | Reached XP level 3. HP: 35/35 MP: 6/6
  1305 | D:2      | Found a basalt altar of Yredelemnul.
  1324 | D:2      | Found a faded altar of an unknown god.
  1619 | D:3      | Reached skill level 1 in Short Blades
  1619 | D:3      | Reached skill level 1 in Long Blades
  1619 | D:3      | Reached skill level 1 in Maces & Flails
  1619 | D:3      | Reached skill level 1 in Polearms
  1619 | D:3      | Reached skill level 1 in Staves
  1619 | D:3      | Reached skill level 1 in Slings
  1619 | D:3      | Reached skill level 1 in Bows
  1619 | D:3      | Reached skill level 1 in Crossbows
  1619 | D:3      | Reached skill level 1 in Throwing
  1619 | D:3      | Reached skill level 1 in Stealth
  1619 | D:3      | Reached skill level 1 in Shields
  1619 | D:3      | Reached skill level 1 in Unarmed Combat
  1619 | D:3      | Reached skill level 1 in Spellcasting
  1619 | D:3      | Reached skill level 1 in Evocations
  1807 | D:3      | Found a sacrificial altar of Ru.
  1844 | D:3      | Reached XP level 4. HP: 41/41 MP: 7/7
  2279 | D:4      | Found a transporter.
  2287 | D:4      | Reached skill level 1 in Conjurations
  2287 | D:4      | Reached skill level 1 in Hexes
  2287 | D:4      | Reached skill level 1 in Summonings
  2287 | D:4      | Reached skill level 1 in Necromancy
  2287 | D:4      | Reached skill level 1 in Translocations
  2287 | D:4      | Reached skill level 1 in Transmutations
  2287 | D:4      | Reached skill level 1 in Fire Magic
  2287 | D:4      | Reached skill level 1 in Ice Magic
  2287 | D:4      | Reached skill level 1 in Air Magic
  2287 | D:4      | Reached skill level 1 in Earth Magic
  2287 | D:4      | Reached skill level 1 in Poison Magic
  2325 | D:4      | Found a transporter.
  2327 | D:4      | Noticed Veteran's ghost (amateur DDFi)
  2362 | D:4      | Found a blossoming altar of Fedhas.
  2365 | D:4      | Found an iron altar of Okawaru.
  2386 | D:4      | Reached XP level 5. HP: 33/47 MP: 5/8
  2554 | D:4      | Reached ** piety under Lugonu
  3025 | D:4      | Reached skill level 5 in Invocations
  3027 | D:4      | Reached XP level 6. HP: 34/53 MP: 5/9
  3028 | D:4      | Noticed Grinder
  3035 | D:4      | Noticed a phantom
  3073 | D:5      | Entered Level 5 of the Dungeon
  3138 | D:5      | Reached skill level 5 in Axes
  3138 | D:5      | Reached skill level 5 in Armour
  3316 | D:4      | Killed a phantom
  3316 | D:4      | Reached XP level 7. HP: 27/59 MP: 7/10
  3834 | D:4      | Reached skill level 7 in Fighting
  3937 | D:5      | Found Tusomumu's Weapon Shoppe.
  4008 | D:5      | Bought a +1 vorpal broad axe for 156 gold pieces
  4019 | D:4      | Paralysed by Grinder for 6 turns
  4039 | D:4      | Paralysed by Grinder for 4 turns
  4046 | D:4      | Paralysed by Grinder for 4 turns
  4050 | D:4      | Slain by Grinder

Illustrated notes

Levels and vault maps discovered:
D:1:      noname_arrival_rooms_in_the_neighbourhood, layout_basic,
          okawaru_ov_weapons_minmay
D:2:      layout_basic, overflow_temple_1_default, serial_aquarium,
          aquarium_bridge_long_joined [aquarium_subvault_balcony,
          aquarium_subvault_wall, aquarium_subvault_bridge,
          aquarium_subvault_wall, aquarium_subvault_wall,
          aquarium_subvault_bridge], aquarium_window_fake, aquarium_window_2,
          aquarium_view_2c, aquarium_balcony_5a, aquarium_pool_five,
          chequers_ecumenical_altar_simple_redux
D:3:      layout_loops_cross, nicolae_ru_the_path_less_chosen, st_stairs_4,
          minmay_ruptured
D:4:      layout_rooms, lemuel_round_altar, lemuel_crystal_altar,
          gammafunk_ghost_stat_death, hangedman_decor_push, uniq_grinder
D:5:      layout_basic, kennysheep_mini, temple_hall_moat, serial_shops, shop,
          portal_sewer_entry_d

Skill      XL: |  1  2  3  4  5  6  7 |
---------------+----------------------+-----
Short Blades   | 1 2 |  2.3
Long Blades    | 1 2 |  2.3
Maces & Flails | 1 2 |  2.3
Polearms       | 1 2 |  2.3
Staves         | 1 2 |  2.3
Slings         | 1 2 |  2.3
Bows           | 1 2 |  2.3
Crossbows      | 1 2 |  2.3
Throwing       | 1 2 |  2.3
Stealth        | 1 2 |  2.3
Shields        | 1 2 |  2.3
Unarmed Combat | 1 2 |  2.3
Spellcasting   | 1 2 |  2.3
Evocations     | 1 2 |  2.3
Conjurations   | 1 |  1.9
Hexes          | 1 |  1.9
Summonings     | 1 |  1.9
Necromancy     | 1 |  1.9
Translocations | 1 |  1.9
Transmutations | 1 |  1.9
Fire Magic     | 1 |  1.9
Ice Magic      | 1 |  1.9
Air Magic      | 1 |  1.9
Earth Magic    | 1 |  1.9
Poison Magic   | 1 |  1.9
Dodging        | 3 |  3.5
Invocations    | 5 |  5.3
Axes           | 5 |  5.2
Armour         | 5 |  5.2
Fighting       | 7 |  7.0

Action                   |  1- 3 |  4- 6 |  7- 9 || total
-------------------------+-------+-------+-------++-------
Melee: Hand axe          |    91 |   104 |    35 ||   230
       Bite              |    11 |     8 |     4 ||    23
       Broad axe         |       |       |    18 ||    18
Invok: Depart the Abyss  |     1 |       |       ||     1
  Use: Potion            |     1 |     2 |     2 ||     5
       Scroll            |     6 |     3 |     2 ||    11
 Stab: Sleeping          |       |     1 |     1 ||     2
Armor: Leather armour    |    14 |    20 |    85 ||   119
Dodge: Dodged            |    37 |    46 |    89 ||   172
Block: Kite shield       |    32 |    42 |    49 ||   123

Table legend: (Time is in decaauts)
 A = Elapsed time spent in this place.
 B = Non-inter-level travel time spent in this place.
 C = Inter-level travel time spent in this place.
 D = Time resting spent in this place.
 E = Time spent auto-exploring this place.
 F = Levels seen in this place.
 G = Mean time per level.
                   A        B        C        D        E       F      G
               +--------+--------+--------+--------+--------+-----+--------+
         Total |   4092 |   4010 |     82 |   1023 |   2076 |   7 |  584.6 |
       Dungeon |   3951 |   3869 |     82 |   1023 |   1987 |   5 |  790.2 |
         Abyss |    141 |    141 |      0 |      0 |     89 |   2 |   70.5 |
               +--------+--------+--------+--------+--------+-----+--------+

Top non-repeatable levels by time:
     D:4: 1517 daAuts
     D:3: 804 daAuts
     D:2: 737 daAuts
     D:1: 614 daAuts
     D:5: 278 daAuts
 Abyss:2: 87 daAuts
 Abyss:1: 54 daAuts
